 Dungeon Crawl Stone Soup version 0.29.0-3-gbb0933ed62 (webtiles) character file.

Game seed: 13649123184878351040

61 worthlessgem the Changer (level 3, 0/15 HPs)
             Began as a Felid Transmuter on Aug 25, 2022.
             Slain by a hobgoblin (1 damage)
             ... on level 2 of the Dungeon on Aug 26, 2022.
             The game lasted 00:13:53 (2520 turns).

worthlessgem the Changer (Felid Transmuter)         Turns: 2520, Time: 00:13:53

Health: 0/15       AC:  1    Str:  6    XL:     3   Next: 83%
Magic:  7/7        EV: 17    Int: 16    God:
Gold:   84         SH:  0    Dex: 16    Spells: 1/7 levels left
                                        Lives:  0   Deaths: 1

rFire   . . .      SeeInvis +     - Unarmed
rCold   . . .      Faith    .   (shield unavailable)
rNeg    . . .      Spirit   .   (body armour unavailable)
rPois   .          Reflect  .   (helmet unavailable)
rElec   .          Harm     .   (cloak unavailable)
rCorr   .          Rampage  .   (gloves unavailable)
Will    .....                   (boots unavailable)
Stlth   +.........              (no amulet)
HPRegen 0.05/turn               (no ring)
MPRegen 0.10/turn               (no ring)

@: lethally poisoned (0 -> -1), appendages, attractive, flying, hasted, very
quick
A: horns 2, very small, claws 1, fangs 3, see invisible, speed 1, shaggy fur 1,
stealthy paws, no weapons or thrown items, no armour, multi-lived
a: End Transformation


You were on level 2 of the Dungeon.
You had temporarily grown beastly horns.
You visited 1 branch of the dungeon, and saw 3 of its levels.

You collected 84 gold pieces.

Inventory:

Scrolls
 d - a scroll of fear {unknown}
 e - a scroll of vulnerability {unknown}
 g - a scroll of amnesia {unknown}
 h - 4 scrolls of poison {unknown}
 i - a scroll of identify {unknown}
Potions
 a - 4 potions of lignification


   Skills:
 - Level 1.0 Fighting
 - Level 2.6 Dodging
 - Level 3.0 Unarmed Combat
 * Level 2.5 Spellcasting
 + Level 1.3 Hexes
 - Level 4.4 Transmutations
 - Level 1.2 Poison Magic


You had one spell level left.
You knew the following spells:

 Your Spells              Type           Power      Damage    Failure   Level
a - Beastly Appendage     Tmut           32%        N/A       3%          1
b - Wereblood             Tmut           16%        N/A       4%          2
c - Spider Form           Tmut/Pois      11%        N/A       19%         3

Your spell library contained the following spells:

 Spells                   Type           Power      Damage    Failure   Level
 Inner Flame              Hex/Fire       4%         N/A       41%         3
 Ice Form                 Ice/Tmut       9%         N/A       61%         4
 Cause Fear               Hex            3%         N/A       75%         4
 Discord                  Hex            3%         N/A       100%        8


Dungeon Overview and Level Annotations

Branches:
Dungeon (3/15)

Altars:
Sif Muna

Shops:
D:2 =

Annotations:
D:2 decide which skill to boost... need more mana, but also online stuff..., exclusion: goblin


Innate Abilities, Weirdness & Mutations

You have temporarily grown beastly horns.
You have sharp claws.
You have razor-sharp teeth.
You have supernaturally acute eyesight. (SInv)
You cover ground quickly. (Speed+)
You are covered in fur. (AC +1)
Your paws help you pounce on unaware monsters.
You are incapable of wielding weapons or throwing items.
You cannot wear armour.
You gain extra lives every three experience levels.


Message History

You feel sick. The adder bites you.
* * * LOW HITPOINT WARNING * * *
You are more poisoned.
The adder poisons you! The hobgoblin is attracted toward you.
It was a potion of ambrosia.
You are confused.
You feel invigorated.
You feel very sick. The adder misses you. The hobgoblin barely misses you.
You bump into the metal wall.
You feel sick. The adder closely misses you. The hobgoblin misses you.
You miss the adder. Your claw misses the adder. Your bite misses the adder.
The adder is severely wounded.
You feel less invigorated.
You feel less confused.
You feel sick. The adder bites you. The hobgoblin completely misses you.
The adder misses you.
Unknown command.
You miss the adder. Your headbutt misses the adder.
You bite the adder, but do no damage.
The adder is almost dead.
You feel sick. The hobgoblin misses you. The adder completely misses you.
Unknown command.
You miss the adder. You claw the adder.
You kill the adder!
* * * LOW HITPOINT WARNING * * *
You feel sick. The hobgoblin closely misses you.
It was a potion of haste.
You feel yourself speed up.
* * * LOW HITPOINT WARNING * * *
You feel sick. The hobgoblin closely misses you.
The hobgoblin barely misses you.
You barely miss the hobgoblin. Your headbutt misses the hobgoblin.
Your bite misses the hobgoblin.
* * * LOW HITPOINT WARNING * * *
You feel sick.
You closely miss the hobgoblin. The hobgoblin closely misses you.
You closely miss the hobgoblin. Your headbutt misses the hobgoblin.
* * * LOW HITPOINT WARNING * * *
You feel sick. The hobgoblin hits you.
You die...

# ###... #...#...#.## #
#.#.#. #.#.#.#.#.## #
.#..#####.#.#.#.## # #..#..
#...#.#.## #
##.#..####...##..## #
###.....#.#..#..#.... #
....8.8.†...###...[## #
##.....#.#..#..#.### # #....#
##@#..####...##.# # # #....#
#.g#..# #...#.## # #....#
#.#†.#####.#.#.#
#....##.#.#..##.#.#.#.# #####
#....####....##)..#...# #...#
#....# #...####..#..##
##...###....###...#.#.#....##
.'....##.....##... ###.##..##
##....####'#†#.g.. #.#.#...#


You could see a hobgoblin.

Vanquished Creatures
  Jessica (D:2)
  2 adders (D:2)
  3 worms (D:2)
  A dart slug (D:1)
  3 ball pythons
  5 bats
  3 endoplasms
  3 giant cockroaches (D:1)
  8 goblins
  6 hobgoblins
  3 quokkas (D:1)
  3 frilled lizards
  4 kobolds (D:1)
  3 rats
48 creatures vanquished.

Notes
Turn   | Place    | Note
-------+----------+-------------------------------------------
     0 | D:1      | worthlessgem the Felid Transmuter began the quest for the
                  | Orb.
     0 | D:1      | Reached XP level 1. HP: 9/9 MP: 4/4
   341 | D:1      | Reached skill level 3 in Transmutations
   341 | D:1      | Reached XP level 2. HP: 9/12 MP: 4/6
   348 | D:1      | Learned a level 2 spell: Wereblood
   916 | D:1      | Reached XP level 3. HP: 15/15 MP: 7/7
   920 | D:1      | Learned a level 3 spell: Spider Form
  1046 | D:1      | Reached skill level 4 in Transmutations
  1443 | D:2      | Noticed Jessica
  1449 | D:2      | Killed Jessica
  1450 | D:2      | Reached skill level 1 in Poison Magic
  1750 | D:2      | Found Fiojiots's Jewellery Emporium.
  1927 | D:2      | Reached XP level 4. HP: 19/19 MP: 1/8
  1927 | D:2      | Upgraded the game from 0.29.0 to 0.29.0-3-gbb0933ed62
  2116 | D:2      | Constricted to death by a ball python
  2117 | D:2      | Reached XP level 3. HP: 0/15 MP: 1/7
  2117 | D:2      | Found a shimmering blue altar of Sif Muna.
  2292 | D:2      | Reached skill level 1 in Hexes
  2520 | D:2      | Slain by a hobgoblin

Illustrated notes

Levels and vault maps discovered:
D:1:      spicycebolla_arrival_xxxplode, layout_loops_corners, minivault_27
D:2:      wad_crossroads, layout_basic, basic_altar, basic_ecumenical_altar,
          serial_shops, nicolae_shop_crystal, minmay_goblin_outpost,
          uniq_jessica
D:3:      layout_basic, gammafunk_ghost_necromancy, uniq_natasha, uniq_terence

Skill      XL: |  1  2  3 |
---------------+----------+-----
Transmutations | 3 4 |  4.4
Poison Magic   | 1 |  1.2
Hexes          | 1 |  1.3
Fighting       | |  1.0
Dodging        | |  2.6
Unarmed Combat | |  3.0
Spellcasting   | |  2.5

Action                   |  1- 3 |  4- 6 || total
-------------------------+-------+-------++-------
Melee: Unarmed           |    99 |    18 ||   117
       Bite              |     5 |     3 ||     8
       Headbutt          |    10 |     1 ||    11
       Punch             |     1 |       ||     1
 Cast: Beastly Appendage |    18 |     1 ||    19
       Wereblood         |     2 |       ||     2
       Spider Form       |     5 |     1 ||     6
  Use: Potion            |     4 |     2 ||     6
 Stab: Sleeping          |     1 |       ||     1
Armor: Skin              |     5 |     2 ||     7
Dodge: Dodged            |    68 |    14 ||    82
